 Dungeon Crawl Stone Soup version 0.24-a0-486-ged8816983f (webtiles) character file.

Game seed: 11213011487316792249

248 KristoblXynda the Sneak (level 5, -1/24 HPs)
             Began as a Spriggan Conjurer on July 9, 2019.
             Was an Initiate of Ashenzari.
             Slain by a bullfrog (8 damage)
             ... on level 4 of the Dungeon.
             The game lasted 00:10:10 (4189 turns).

KristoblXynda the Sneak (Spriggan Conjurer)         Turns: 4189, Time: 00:10:10

Health: -1/24      AC:  2    Str:  4    XL:     5   Next: 86%
Magic:  8/12       EV: 18    Int: 18    God:    Ashenzari [......]
Gold:   132        SH:  0    Dex: 16    Spells: 8/12 levels left

rFire    . . .     SeeInvis +   s - +1 short sword (holy) (curse)
rCold    . . .     Gourm    .   (shield restricted)
rNeg     . . .     Faith    .   a - +0 robe
rPois    .         Spirit   .   (helmet restricted)
rElec    .         Reflect  .   (no cloak)
rCorr    .         Harm     .   (gloves unavailable)
MR       .....                  (boots unavailable)
Stlth    ++++......             (no amulet)
HPRegen  0.08/turn              j - ring of stealth
MPRegen  0.13/turn              (no ring)

@: very quick
A: very small, unfitting armour, see invisible, herbivore, speed 3, slow
metabolism 2
a: Curse Item, Renounce Religion


You were on level 4 of the Dungeon.
You worshipped Ashenzari.
Ashenzari was noncommittal.
You were very hungry.

You visited 1 branch of the dungeon, and saw 4 of its levels.

You collected 132 gold pieces.

Inventory:

Hand Weapons
 s - a cursed +1 short sword of holy wrath (weapon)
Armour
 a - a +0 robe (worn)
Jewellery
 j - a ring of stealth (left hand)
Wands
 o - a wand of random effects (18)
Scrolls
 b - a scroll of enchant weapon {unknown}
 d - 2 scrolls of enchant armour {unknown}
 e - 2 scrolls of teleportation {unknown}
 f - a scroll of random uselessness {unknown}
 g - 5 scrolls of remove curse
 m - a scroll of magic mapping {unknown}
 n - a scroll of immolation {unknown}
 p - 2 scrolls of amnesia {unknown}
 t - a scroll of blinking {unknown}
 u - 3 scrolls of identify
Potions
 h - 2 potions of flight
 i - a potion of mutation
 k - a potion of brilliance
 l - a potion of curing
 q - a potion of haste
 r - a potion of cancellation
 v - a potion of might
 w - 2 potions of heal wounds {unknown}
Comestibles
 c - 4 rations


   Skills:
 + Level 1.1 Short Blades
 - Level 3.0 Dodging
 - Level 5.0 Stealth
 + Level 4.4 Spellcasting
 * Level 4.3 Conjurations


You had 8 spell levels left.
You knew the following spells:

 Your Spells              Type           Power        Failure   Level  Hunger
a - Magic Dart            Conj           ###.         2%          1    None
b - Dazzling Spray        Conj/Hex       ##....       17%         3    ###....

Your spell library contained the following spells:

 Spells                   Type           Power        Failure   Level  Hunger
 Searing Ray              Conj           ###...       3%          2    #......
 Iskenderun's Mystic Bla  Conj           ###.....     24%         4    ####...
 Force Lance              Conj/Tloc      ##......     50%         4    ####...
 Fulminant Prism          Conj/Hex       ##........   50%         4    ####...


Dungeon Overview and Level Annotations

Branches:
Dungeon (4/15)
 Temple: D:4-7

Altars:
Ashenzari
Hepliaklqana
Okawaru
Zin


Innate Abilities, Weirdness & Mutations

You are very small and have problems with some larger weapons.
You are too small for most types of armour.
You have supernaturally acute eyesight. (SInv)
You are a herbivore.
You cover ground extremely quickly.
You need to consume almost no food.


Message History

The bullfrog croaks.
The bullfrog barely misses you.
Casting: Magic Dart (safe; 2% risk of failure)
Confirm with . or Enter, or press ? or * to list all spells.
Aiming: Magic Dart (safe; 2% risk of failure)
Press: ? - help, Shift-Dir - straight line, f - bullfrog
Aim: a bullfrog The magic dart hits the bullfrog.
The bullfrog is lightly wounded.
The bullfrog closely misses you. The bullfrog hits you.
You barely miss the bullfrog.
The bullfrog is lightly wounded.
The bullfrog misses you.
You hit the bullfrog.
The bullfrog is lightly wounded.
The bullfrog hits you.
* * * LOW HITPOINT WARNING * * *
The bullfrog barely misses you. The bullfrog hits you!
You die...

.....<.............
≈#≈...................
≈≈≈..................
#≈...................
#≈................... ∩
#....................
#########......$.............
#..........................†.
#......w....@................
#..........F.................
#............................
#........!............[......
#............................
#............................
#........................[...
#....?................?......
#.............†.....?........


You could see a bullfrog and a worm (wandering).

Vanquished Creatures
  An orc priest (D:3)
  2 worker ants (D:4)
  7 adders
  An ooze (D:2)
  An adder skeleton (D:4)
  4 worms
  4 dart slugs
  3 leopard geckos (D:2)
  5 orcs (D:3)
  9 bats
  3 giant cockroaches
  4 goblins
  13 hobgoblins
  A ball python (D:2)
  8 frilled lizards (D:2)
  9 kobolds
  6 rats
81 creatures vanquished.

Vanquished Creatures (others)
  A plant (D:2)
1 creature vanquished.

Grand Total: 82 creatures vanquished

Notes
Turn   | Place    | Note
-------+----------+-------------------------------------------
     0 | D:1      | KristoblXynda the Spriggan Conjurer began the quest for the
                  | Orb.
     0 | D:1      | Reached XP level 1. HP: 9/9 MP: 5/5
   155 | D:1      | Reached XP level 2. HP: 13/13 MP: 0/7
   963 | D:2      | Reached XP level 3. HP: 14/16 MP: 1/8
  1325 | D:2      | Reached skill level 4 in Stealth
  1428 | D:2      | Found a shattered altar of Ashenzari.
  1432 | D:2      | Became a worshipper of Ashenzari the Shackled
  1436 | D:2      | Found an iron altar of Okawaru.
  1439 | D:2      | Found a glowing silver altar of Zin.
  1939 | D:2      | Reached XP level 4. HP: 21/21 MP: 3/10
  2077 | D:2      | Learned a level 3 spell: Dazzling Spray
  3161 | D:3      | Reached XP level 5. HP: 11/24 MP: 0/12
  3639 | D:3      | Reached skill level 5 in Stealth
  3769 | D:3      | Found a hazy altar of Hepliaklqana.
  4130 | D:4      | Reached skill level 1 in Short Blades
  4189 | D:4      | Slain by a bullfrog

Levels and vault maps discovered:
D:1:      minmay_arrival_shattered_statue, layout_rooms, minmay_liquid_box
D:2:      layout_loops_ring, grunt_temple_overflow_diamond, eino_tiny_chamber,
          minmay_lizard_king
D:3:      layout_rooms, old_standard_altar, first_ration
D:4:      layout_basic, temple_pool_b, lightli_sewer_entry_pipes

Skill      XL: |  1  2  3  4  5 |
---------------+----------------+-----
Conjurations   | 3 4 |  4.3
Spellcasting   | 3 4 |  4.4
Stealth        | 4 5 |  5.0
Short Blades   | 1 |  1.1
Dodging        | |  3.0

Action                   |  1- 3 |  4- 6 || total
-------------------------+-------+-------++-------
Melee: Dagger            |    39 |     1 ||    40
       Unarmed           |     1 |       ||     1
       Short sword       |       |    14 ||    14
 Cast: Magic Dart        |   100 |   141 ||   241
       Dazzling Spray    |       |     1 ||     1
Invok: Curse Item        |       |     1 ||     1
  Use: Scroll            |       |     6 ||     6
 Stab: Sleeping          |       |     3 ||     3
Armor: Robe              |     8 |     1 ||     9
Dodge: Dodged            |    61 |    35 ||    96

Table legend:
 A = Non-vault XP
 B = Vault XP
 C = Vault XP percentage of total XP
 D = Non-vault monster count
 E = Vault monster count
 F = Vault count percentage of total count
                 A         B        C        D         E       F
            +---------+---------+-------+---------+---------+-------
      Total |     345 |      10 |   2.8 |      73 |       8 |   9.9
            +---------+---------+-------+---------+---------+-------
        D:1 |      34 |       0 |   0.0 |      18 |       0 |   0.0
        D:2 |      79 |      10 |  11.2 |      30 |       8 |  21.1
        D:3 |     122 |       0 |   0.0 |      19 |       0 |   0.0
        D:4 |     110 |       0 |   0.0 |       6 |       0 |   0.0
            +---------+---------+-------+---------+---------+-------
